 Dungeon Crawl Stone Soup version 0.31-a0-232-gb1c03b2570 (webtiles) character file.

Game seed: 17131915633254495991

135 qw the Shooter (level 5, 0/30 HPs)
             Began as a Gargoyle Hexslinger on July 7, 2023.
             Slain by an iguana (8 damage)
             ... on level 3 of the Dungeon.
             The game lasted 00:01:00 (2604 turns).

qw the Shooter (Gargoyle Hexslinger)                Turns: 2604, Time: 00:01:01

Health: 0/30       AC:  9    Str: 10 (12) XL:     5   Next: 18%
Magic:  6/6        EV: 10    Int: 10 (13) God:
Gold:   180        SH:  0    Dex: 11 (14) Spells: 5/6 levels left

rFire   . . .        g - +1 shortbow (heavy)
rCold   . . .        (shield currently unavailable)
rNeg    + + .        k - +0 ring mail
rPois   inf          (no helmet)
rElec   +            (no cloak)
rCorr   .            (no gloves)
SInv    .            (no boots)
Will    .....        h - amulet of faith
Stlth   +            b - ring of positive energy
HPRegen 0.25/turn    (no ring)
MPRegen 0.10/turn

%: faith
@: mighty
A: sickness immunity, AC +4, negative energy resistance 1, electricity
resistance, torment resistance 1, petrification resistance
a: no special abilities


You were on level 3 of the Dungeon.
You visited 1 branch of the dungeon, and saw 4 of its levels.

You collected 180 gold pieces.


Innate Abilities, Weirdness & Mutations

You are immune to sickness and miasma.
Your stone body is resilient. (AC +4)
You are immune to poison.
You resist negative energy. (rN+)
You are resistant to electric shocks. (rElec)
You are resistant to unholy torment.
You are immune to petrification.


   Skills:
 - Level 2.0 Fighting
 + Level 4.8 Ranged Weapons
 - Level 1.0 Armour
 - Level 1.5 Dodging
 - Level 1.0 Spellcasting
 - Level 2.6 Hexes


You had 5 spell levels left.
You knew the following spells:

 Your Spells              Type           Power      Damage    Failure   Level
a - Slow                  Hex            20%        N/A       28%         1

Your spell library contained the following spells:

 Spells                   Type           Power      Damage    Failure   Level
 Inner Flame              Hex/Fire       3%         N/A       83%         3
 Portal Projectile        Hex/Tloc       6%         N/A       83%         3
 Cause Fear               Hex            2%         N/A       96%         4

Inventory:

Hand Weapons
 g - a +1 heavy shortbow (weapon)
Armour
 k - a +0 ring mail (worn)
Jewellery
 b - a ring of positive energy (left hand)
 h - an amulet of faith (around neck)
Scrolls
 a - a scroll of identify
 o - 3 scrolls of teleportation
Potions
 e - a potion of curing
 i - 2 potions of might
 j - a potion of haste
 n - a potion of mutation {unknown}

Dungeon Overview and Level Annotations

Branches:
Dungeon (4/15)
 Temple: D:4-7

Altars:
Uskayaw


Message History

Waypoint 3 assigned to D:4.
You shoot an arrow. The arrow closely misses the iguana.
A quokka comes into view.
The iguana bites you.
You shoot an arrow. The arrow hits the iguana!
The iguana is heavily wounded.
The iguana bites you! x2; The quokka closely misses you.
2600 ||| STAIRDANCE The iguana bites you.
The quokka bites you but does no damage.
You climb upwards.
There is a stone staircase leading down here.
Enter note:
Enter note:
Enter note:
Enter note:
Enter note:
Enter note:
Enter note:
Enter note:
Enter note:
Enter note:
Enter note:
Enter note: You shoot an arrow.
The arrow hits the iguana but does no damage.
The iguana is heavily wounded.
The quokka barely misses you. The iguana barely misses you.
The quokka bites you but does no damage.
The iguana bites you but does no damage.
You shoot an arrow. The arrow closely misses the iguana.
The quokka closely misses you. The iguana bites you.
The quokka closely misses you. The iguana barely misses you.
The quokka barely misses you.
You shoot an arrow. The arrow hits the iguana.
The iguana is severely wounded.
The quokka twitches its whiskers.
The quokka bites you but does no damage.
The iguana bites you!
You die...

#.......# #....### #.# ###..####
#.#.## #.# #.....# #.#.# #.#
######.###.# #.#.# #.#
#....)...#.###.#+## #.#
#.####............## #.# #.#
#.............## ##.##
#.####.#.#.##.......## #...##
###.##.......#.r@......###....##
.............'...l.....'.......#
###........###........<###....##
####.#.######.......## #.#.##
#.#.............## #.###
#.##########...## #)# #.# ##'##
#.# #.# #.# #.#### #.# #.#
#....#


You could see an iguana and a quokka.

Vanquished Creatures
  3 adders
  3 worms
  8 orcs (D:3)
  6 ball pythons
  3 bats
  5 endoplasms
  15 giant cockroaches
  5 goblins (D:1)
  2 hobgoblins
  9 jackals
  7 kobolds
  3 quokkas
  A frilled lizard (D:1)
  7 rats
77 creatures vanquished.

Notes
Turn   | Place    | Note
-------+----------+-------------------------------------------
     0 | D:1      | qw the Gargoyle Hexslinger began the quest for the Orb.
     0 | D:1      | Reached XP level 1. HP: 12/12 MP: 2/2
     0 | D:1      | 0 ||| qw: Version: 0.3-a-46-gb1f654a
     0 | D:1      | 0 ||| qw: Game counter: 2568
     0 | D:1      | 0 ||| qw: Melee chars always use a shield: true
     0 | D:1      | 0 ||| qw: God list: Okawaru
     0 | D:1      | 0 ||| qw: Allow faded altars: false
     0 | D:1      | 0 ||| qw: Do Orc after clearing Dungeon:15 true
     0 | D:1      | 0 ||| qw: Do second Lair branch before Depths: true
     0 | D:1      | 0 ||| qw: Lair rune preference: random
     0 | D:1      | 0 ||| qw: Goals: Normal
     0 | D:1      | 0 ||| PLANNING D:1-11
   172 | D:1      | Reached XP level 2. HP: 16/16 MP: 3/3
   264 | D:1      | Reached skill level 3 in Ranged Weapons
   297 | D:1      | Reached XP level 3. HP: 21/21 MP: 4/4
   763 | D:1      | 763 ||| READING 2 scrolls labelled WOYFIT XARPHON.
   764 | D:1      | 764 ||| READING scroll labelled DYXAAJIGHI.
   765 | D:1      | 765 ||| DROPPING scroll of poison.
  1216 | D:2      | Reached XP level 4. HP: 26/26 MP: 5/5
  1278 | D:2      | Reached skill level 4 in Ranged Weapons
  1492 | D:2      | 1492 ||| UPGRADING to +0 ring mail.
  1502 | D:2      | 1502 ||| DROPPING +0 robe.
  1503 | D:2      | 1503 ||| UPGRADING to amulet of faith.
  1508 | D:2      | 1508 ||| READING scroll labelled HIETAUNLEF.
  1508 | D:2      | Identified a scroll of acquirement
  1508 | D:2      | 1508 ||| ACQUIRING +1 shortbow of draining
  1508 | D:2      | Acquired a +1 shortbow of draining
  1510 | D:2      | 1510 ||| SWAPPING to +1 shortbow of draining.
  1511 | D:2      | 1511 ||| DROPPING +1 sling.
  1512 | D:2      | 1512 ||| READING scroll labelled BIRUHAGHIEP.
  1513 | D:2      | 1513 ||| READING 3 scrolls labelled EVASYZX ZAT ITEIT.
  1516 | D:2      | 1516 ||| DRINKING 2 black potions.
  1541 | D:2      | 1541 ||| READING 4 scrolls of identify.
  1541 | D:2      | 1541 ||| IDENTIFYING fizzy dark potion
  1542 | D:2      | 1542 ||| READING 3 scrolls of identify.
  1542 | D:2      | 1542 ||| IDENTIFYING brown potion
  1543 | D:2      | 1543 ||| READING 2 scrolls of identify.
  1543 | D:2      | 1543 ||| IDENTIFYING fizzy brown potion
  1544 | D:2      | 1544 ||| DROPPING potion of lignification.
  1545 | D:2      | 1545 ||| DROPPING potion of invisibility.
  1546 | D:2      | 1546 ||| DROPPING potion of ambrosia.
  1752 | D:3      | Reached skill level 1 in Armour
  2138 | D:3      | Reached XP level 5. HP: 27/30 MP: 6/6
  2302 | D:3      | Found a hide-covered altar of Uskayaw.
  2549 | D:3      | 2549 ||| DROPPING amulet of guardian spirit.
  2550 | D:3      | 2550 ||| UPGRADING to ring of positive energy.
  2551 | D:3      | 2551 ||| READING scroll labelled EGRELE FIGGE.
  2552 | D:3      | 2552 ||| READING scroll labelled DAKEOCLA HATSE.
  2571 | D:3      | 2571 ||| DRINKING 3 golden potions.
  2572 | D:3      | 2572 ||| DRINKING 2 metallic amethyst potions.
  2573 | D:3      | 2573 ||| READING 3 scrolls of identify.
  2573 | D:3      | 2573 ||| IDENTIFYING sapphire potion
  2574 | D:3      | 2574 ||| READING 2 scrolls of identify.
  2574 | D:3      | 2574 ||| IDENTIFYING murky black potion
  2575 | D:3      | 2575 ||| DROPPING potion of attraction.
  2576 | D:3      | 2576 ||| DROPPING potion of degeneration.
  2597 | D:4      | Noticed an ogre
  2600 | D:4      | 2600 ||| STAIRDANCE
  2600 | D:4      | HP: 7/30 [iguana (3)]
  2604 | D:3      | Slain by an iguana

Levels and vault maps discovered:
D:1:      sevenhm_arrival_forest_fort_small_5, layout_loops_ring
D:2:      layout_loops_cross
D:3:      minmay_roachtagon, layout_loops_corners, marbit_many_paths
D:4:      layout_loops_ring, minmay_temple_entry_slanted, uniq_ijyb

Skill      XL: |  1  2  3  4 |
---------------+-------------+-----
Ranged Weapons | 3 4 |  4.8
Fighting       | 2 |  2.0
Armour         | 1 |  1.0
Dodging        | |  1.5
Spellcasting   | |  1.0
Hexes          | |  2.6

Action                     |  1- 3 |  4- 6 || total
---------------------------+-------+-------++-------
   Fire: Sling             |   100 |    29 ||   129
         Shortbow          |       |   105 ||   105
    Use: Scroll            |     2 |    10 ||    12
         Potion            |       |     3 ||     3
 Armour: Robe              |     2 |    13 ||    15
         Ring mail         |       |    84 ||    84
  Dodge: Dodged            |    10 |   116 ||   126

Table legend:
 A = Non-vault XP
 B = Vault XP
 C = Vault XP percentage of total XP
 D = Non-vault monster count
 E = Vault monster count
 F = Vault count percentage of total count
                 A         B        C        D         E       F
            +---------+---------+-------+---------+---------+-------
      Total |     166 |      27 |  14.0 |      65 |      12 |  15.6
            +---------+---------+-------+---------+---------+-------
        D:1 |      53 |       0 |   0.0 |      30 |       0 |   0.0
        D:2 |      42 |       0 |   0.0 |      13 |       0 |   0.0
        D:3 |      71 |      27 |  27.6 |      22 |      12 |  35.3
            +---------+---------+-------+---------+---------+-------
